 Dungeon Crawl Stone Soup version 0.31-a0-145-g046c7d2549 (webtiles) character file.

Game seed: 9190835091376017719

8148 jasper the Geomancer (level 11, -2/47 HPs)
             Began as a Spriggan Venom Mage on June 6, 2023.
             Was an Elder of Kikubaaqudgha.
             Slain by a manticore (23 damage)
             ... on level 9 of the Dungeon.
             The game lasted 00:15:56 (10578 turns).

jasper the Geomancer (Spriggan Venom Mage)         Turns: 10578, Time: 00:15:57

Health: -2/47      AC:  6    Str:  4    XL:     11   Next: 6%
Magic:  2/30       EV: 17    Int: 20    God:    Kikubaaqudgha [****..]
Gold:   443        SH:  0    Dex: 17    Spells: 3/22 levels left

rFire   . . .        c - +0 sling
rCold   . . .        (no shield)
rNeg    . . .        a - +1 robe
rPois   .            (helmet restricted)
rElec   .            j - +2 cloak
rCorr   +            (gloves unavailable)
SInv    +            (boots unavailable)
Will    +....        (no amulet)
Stlth   ++           i - ring of magical power
HPRegen 0.27/turn    r - ring of resist corrosion
MPRegen 0.22/turn

%: no passive effects
@: very quick
A: very small, no large weapons, unfitting armour, see invisible, speed 3
a: Renounce Religion, Unearth Wretches


You were on level 9 of the Dungeon.
You worshipped Kikubaaqudgha.
Kikubaaqudgha was greatly pleased with you.
You visited 2 branches of the dungeon, and saw 10 of its levels.

You collected 527 gold pieces.
You spent 84 gold pieces at shops.

Inventory:

Hand Weapons
 c - a +0 sling (weapon)
 e - a +2 spear of flaming
 f - a +0 trident of venom
 h - a +1 whip of draining
 o - a +1 short sword of flaming
Armour
 a - a +1 robe (worn)
 j - a +2 cloak (worn)
Magical Staves
 u - a staff of death
Jewellery
 i - a ring of magical power (left hand)
 r - a ring of resist corrosion (right hand)
 I - a ring of wizardry
 J - a ring of protection from cold
Wands
 w - a wand of mindburst (5)
 y - a wand of acid (10)
 A - a wand of flame (10)
 D - a wand of iceblast (11)
Scrolls
 d - 2 scrolls of immolation
 k - 4 scrolls of teleportation
 l - 3 scrolls of amnesia
 m - 2 scrolls of enchant armour
 p - a scroll of poison
 q - 3 scrolls of magic mapping
 x - 2 scrolls of fear
 G - 2 scrolls of fog
Potions
 b - 2 potions of magic
 g - a potion of attraction
 n - 2 potions of brilliance
 s - 3 potions of enlightenment {unknown}
 t - a potion of ambrosia {unknown}
 v - 4 potions of curing
 z - a potion of resistance {unknown}
 B - 2 potions of degeneration {unknown}
 C - a potion of might {unknown}
 E - a potion of heal wounds
 F - a potion of invisibility {unknown}
Miscellaneous
 H - a sack of spiders


   Skills:
 - Level 2.6 Dodging
 - Level 3.0 Stealth
 - Level 6.3 Spellcasting
 - Level 8.0 Conjurations
 - Level 3.0 Hexes
 - Level 1.3 Transmutations
 + Level 9.9 Earth Magic
 - Level 7.0 Poison Magic


You had 3 spell levels left.
You knew the following spells:

 Your Spells              Type           Power      Damage    Failure   Level
a - Sting                 Tmut/Pois      92%        1d7       1%          1
b - Poisonous Vapours     Pois/Air       40%        N/A       3%          2
c - Olgreb's Toxic Radia  Pois           34%        N/A       6%          4
d - Mephitic Cloud        Conj/Pois/Air  26%        N/A       4%          3
e - Stone Arrow           Conj/Erth      84%        3d12      1%          3
f - Fulminant Prism       Conj/Hex       14%        3d9       11%         4
g - Sublimation of Blood  Necr           6%         N/A       16%         2

Your spell library contained the following spells:

 Spells                   Type           Power      Damage    Failure   Level
 Magic Dart               Conj           100%       1d8       1%          1
 Passwall                 Tmut/Erth      24%        N/A       1%          2
 Searing Ray              Conj           76%        2d7       1%          2
 Cigotuvi's Dreadful Rot  Necr/Pois/Air  30%        N/A       6%          2
 Ensorcelled Hibernation  Hex/Ice        24%        N/A       9%          2
 Necrotise                Necr           24%        1d5       11%         1
 Swiftness                Air            6%         N/A       30%         3
 Animate Armour           Summ/Erth      52%        N/A       13%         4
 Borgnjor's Vile Clutch   Necr/Erth      13%        N/A       36%         5
 Anguish                  Hex/Necr       6%         N/A       50%         4
 Animate Dead             Necr           6%         N/A       71%         4
 Dispel Undead            Necr           6%         3d8       71%         4
 Agony                    Necr           6%         N/A       96%         5
 Lehudib's Crystal Spear  Conj/Erth      21%        10d6      100%        8


Dungeon Overview and Level Annotations

Branches:
Dungeon (9/15)             Temple (1/1) D:4            Lair (0/5) D:8
    Orc: D:9-12

Altars:
Ashenzari
Cheibriados
Dithmenos
Elyvilon
Fedhas
Gozag
Hepliaklqana
Kikubaaqudgha
Makhleb
Nemelex Xobeh
Okawaru
Qazlal
Ru
Sif Muna
Trog
Uskayaw
Wu Jian
Xom
Yredelemnul
Zin
The Shining One

Shops:
D:7 [   D:8 *

Annotations:
D:6 2 transporters, promet's ghost, novice GnWn
Temple 2 transporters


Innate Abilities, Weirdness & Mutations

You are very small and have problems with some larger weapons.
You are too small for most types of armour.
You have supernaturally acute eyesight. (SInv)
You cover ground extremely quickly. (Speed+++)


Message History

The stone arrow hits the cyclops!!
The cyclops is severely wounded.
A manticore comes into view.
You now have 13/30 mp.
Casting: Stone Arrow (safe; 1% risk of failure)
Confirm with . or Enter, or press ? or * to list all spells.
Aiming: Stone Arrow (safe; 1% risk of failure)
Press: ? - help, Shift-Dir - straight line, f/p - cyclops
Aim: a cyclops, quivering large rocks (severely wounded, 98% to hit)
The stone arrow hits the cyclops.
The cyclops is severely wounded.
You now have 10/30 mp.
Casting: Stone Arrow (safe; 1% risk of failure)
Confirm with . or Enter, or press ? or * to list all spells.
Aiming: Stone Arrow (safe; 1% risk of failure)
Press: ? - help, Shift-Dir - straight line, f/p - cyclops
Aim: a cyclops, quivering large rocks (severely wounded, 98% to hit)
The stone arrow hits the cyclops!!
You kill the cyclops!
Kikubaaqudgha accepts your kill.
You now have 7/30 mp.
Casting: Stone Arrow (safe; 1% risk of failure)
Confirm with . or Enter, or press ? or * to list all spells.
Aiming: Stone Arrow (safe; 1% risk of failure)
Press: ? - help, Shift-Dir - straight line, f - manticore
Aim: a manticore (85% to hit)
The stone arrow misses the manticore.
The manticore bites you!
The manticore claws you but does no damage.
The manticore misses you.
You take 14 damage, and have 20/47 hp.
MASSIVE DAMAGE!!
You now have 5/30 mp.
Casting: Stone Arrow (safe; 1% risk of failure)
Confirm with . or Enter, or press ? or * to list all spells.
Aiming: Stone Arrow (safe; 1% risk of failure)
Press: ? - help, Shift-Dir - straight line, f/p - manticore
Aim: a manticore (85% to hit)
The stone arrow misses the manticore.
You carefully extract the barbed spikes from your body.
The manticore bites you!!
You die...
Kikubaaqudgha rasps: "You have failed me!
Welcome... death!"

#.#..#..#.##†######..### ####
#......##..)......##...### ####
##....#####...#########...####...
#...### #.........#.####......##
..###. #†#######..#.#####......
###... #.# ...#..##.## ###....
#....# #.# #.#..###.#######..
...# #.# #.'.## ##.......##
#....# ..# #@#.# ##.#######..
###... ..#.†.H.#.###.## ###...#
..###. ..#######.##.#####...###
....### ..#.####...#....
...#..### .#####...###'###
##.##...## . ##...###...(..
#.###...# ## #..### #......
#.##..#.## ##.## #......
#........#.# #.#..# #......


You could see a manticore.

Vanquished Creatures
  A sea snake (shapeshifter) (D:9)
  3 cyclopes
  A manticore (D:9)
  A komodo dragon (D:8)
  A hornet (D:9)
  A shadow (D:6)
  5 yaks (D:9)
  3 wyverns
  A water moccasin (D:8)
  2 sky beasts
  An ice beast (D:7)
  An orc warrior (D:6)
  2 ogres (D:5)
  3 centaurs
  A phantom (D:6)
  5 kobold brigands
  3 scorpions
  A gnoll sergeant (D:9)
  6 bullfrogs (D:8)
  12 wights
  23 killer bees
  3 howler monkeys
  4 hounds
  2 gnoll boudas
  An orc priest (D:3)
  3 jellies
  2 sleepcaps
  5 iguanas
  2 orc wizards
  8 gnolls
  9 adders
  A shadow imp (D:8)
  3 ufetubi
  3 worms
  2 dart slugs
  13 orcs
  3 ball pythons
  A bat (D:2)
  7 endoplasms
  4 giant cockroaches
  2 goblins
  7 hobgoblins
  32 kobolds
  A quokka (D:2)
  3 frilled lizards
  10 rats
208 creatures vanquished.

Notes
Turn   | Place    | Note
-------+----------+-------------------------------------------
     0 | D:1      | jasper the Spriggan Venom Mage began the quest for the Orb.
     0 | D:1      | Reached XP level 1. HP: 9/9 MP: 5/5
   251 | D:1      | Reached XP level 2. HP: 13/13 MP: 7/7
   254 | D:1      | Learned a level 2 spell: Poisonous Vapours
  1588 | D:2      | Reached XP level 3. HP: 16/16 MP: 6/8
  2422 | D:3      | Found a faded altar of an unknown god.
  2669 | D:3      | Noticed a wight
  2679 | D:3      | Reached XP level 4. HP: 21/21 MP: 4/9
  2733 | D:3      | Learned a level 4 spell: Olgreb's Toxic Radiance
  2803 | D:4      | Reached skill level 5 in Poison Magic
  2940 | D:4      | Reached XP level 5. HP: 23/24 MP: 2/10
  3204 | D:4      | Found a staircase to the Ecumenical Temple.
  3242 | Temple   | Entered the Ecumenical Temple
  3242 | Temple   | Found a transporter.
  3242 | Temple   | Found a transporter.
  3244 | Temple   | Found a transporter.
  3244 | Temple   | Found a transporter.
  3263 | Temple   | Became a worshipper of Kikubaaqudgha
  3529 | D:5      | Entered Level 5 of the Dungeon
  3570 | D:5      | Reached XP level 6. HP: 28/28 MP: 6/11
  3601 | D:5      | Reached skill level 5 in Spellcasting
  3607 | D:5      | Learned a level 3 spell: Mephitic Cloud
  3611 | D:5      | Learned a level 3 spell: Stone Arrow
  3746 | D:5      | Reached XP level 7. HP: 32/32 MP: 10/16
  3863 | D:5      | Learned a level 4 spell: Fulminant Prism
  4168 | D:5      | Reached skill level 1 in Conjurations
  4168 | D:5      | Reached skill level 1 in Hexes
  4168 | D:5      | Reached skill level 1 in Earth Magic
  4207 | D:5      | Reached skill level 2 in Earth Magic
  4220 | D:5      | Reached * piety under Kikubaaqudgha
  4220 | D:5      | Received a gift from Kikubaaqudgha
  4221 | D:5      | Reached XP level 8. HP: 29/36 MP: 3/18
  4224 | D:5      | Learned a level 2 spell: Sublimation of Blood
  4818 | D:6      | Reached skill level 3 in Earth Magic
  4848 | D:6      | Identified the +0 buckler "Courgh" {Str+2}
  4864 | D:6      | Found a transporter.
  4931 | D:6      | Reached skill level 4 in Earth Magic
  5155 | D:6      | Found a broken altar of Ashenzari.
  5171 | D:6      | Found a transporter.
  5330 | D:6      | Noticed promet's ghost (novice GnWn)
  5348 | D:6      | Reached ** piety under Kikubaaqudgha
  5656 | D:6      | Reached skill level 5 in Earth Magic
  5820 | D:6      | Reached XP level 9. HP: 24/39 MP: 19/19
  6157 | D:6      | Reached skill level 5 in Conjurations
  6157 | D:6      | Reached skill level 6 in Earth Magic
  7417 | D:7      | Found a basalt altar of Yredelemnul.
  7525 | D:7      | Found Owypp's Antique Armour Shop.
  7743 | D:7      | Reached *** piety under Kikubaaqudgha
  7743 | D:7      | Received a gift from Kikubaaqudgha
  7804 | D:7      | Reached skill level 7 in Earth Magic
  8260 | D:8      | Noticed a komodo dragon
  8283 | D:8      | Killed a komodo dragon
  8402 | D:8      | Reached XP level 10. HP: 44/44 MP: 20/20
  8707 | D:8      | Found Ritsyet's General Store.
  8800 | D:8      | Bought a potion of curing for 42 gold pieces
  8800 | D:8      | Bought a scroll of teleportation for 42 gold pieces
  8800 | D:8      | Found a staircase to the Lair.
  8815 | D:8      | Noticed a cyclops
  8822 | D:8      | Killed a cyclops
  8823 | D:8      | Reached skill level 8 in Earth Magic
  9037 | D:8      | Found a shadowy altar of Dithmenos.
 10186 | D:9      | Noticed a cyclops
 10196 | D:9      | Killed a cyclops
 10197 | D:9      | Reached skill level 9 in Earth Magic
 10400 | D:9      | Reached **** piety under Kikubaaqudgha
 10428 | D:9      | Noticed a sea snake
 10434 | D:9      | Killed a sea snake
 10568 | D:9      | Noticed a manticore
 10570 | D:9      | Noticed a cyclops
 10572 | D:9      | Killed a manticore
 10573 | D:9      | Reached XP level 11. HP: 33/47 MP: 18/21
 10578 | D:9      | Slain by a manticore

Illustrated notes

Levels and vault maps discovered:
D:1:      amcnicky_arrival_gap_in_the_tavern_cellar, layout_basic,
          kennysheep_small_spiral, dreamdust_mushroom_princess,
          interstate_on_off, amethyst_killhole
D:2:      layout_rooms, serial_forest, infiniplex_forest_end_2,
          infiniplex_forest_side_room, infiniplex_forest_lined_1,
          infiniplex_forest_join, infiniplex_forest_lined_room_2,
          infiniplex_forest_clump_small, infiniplex_forest_straight_3,
          infiniplex_forest_corner_2, minivault_23, minmay_misc_feat_square,
          kennysheep_big_empty_room
D:3:      layout_loops_ring, shapermc_ecumenical_altar_ellora,
          dreamdust_princess_corridor
D:4:      layout_cave_pools, minmay_temple_entry_enclosed_plants
D:5:      layout_basic, grunt_ministairs_9, kennysheep_minor_cross
D:6:      layout_loops_corners, ashenzari_conservatory_becter,
          gammafunk_ghost_gnarly_gnolls
D:7:      layout_rooms, mainiacjoe_overflow_alcove_2, serial_shops,
          nicolae_shop_tiny_real_fake_doors, nicolae_fountain_basement
D:8:      layout_cave_pools, mainiacjoe_overflow_concentric_impassable,
          david_lair_shrubbed, serial_shops, shop, hangedman_decor_slide_cut,
          hangedman_abyss_or_decor_stabs
D:9:      minmay_the_grid_four_pointed_star
          [minmay_the_grid_triangle_9x9_minimal,
          minmay_the_grid_triangle_9x9_cache,
          minmay_the_grid_triangle_9x9_negative_grid,
          minmay_the_grid_triangle_9x9_windchime,
          minmay_the_grid_prize_shrinking_boxes], layout_basic
Temple:   hellmonk_temple_divided_pantheon

Skill      XL: |  1  2  3  4  5  6  7  8  9 10 |
---------------+-------------------------------+-----
Spellcasting   | 3 5 6 |  6.3
Poison Magic   | 4 5 6 7 |  7.0
Conjurations   | 1 4 6 8 |  8.0
Hexes          | 3 |  3.0
Earth Magic    | 2 5 7 9 |  9.9
Dodging        | |  2.6
Stealth        | |  3.0
Transmutations | |  1.3

Action                     |  1- 3 |  4- 6 |  7- 9 | 10-12 || total
---------------------------+-------+-------+-------+-------++-------
  Melee: Unarmed           |       |       |       |     5 ||     5
   Fire: Sling             |    65 |    44 |   149 |    54 ||   312
   Cast: Sting             |    30 |    10 |    11 |     1 ||    52
         Poisonous Vapours |    16 |     8 |    51 |    32 ||   107
         Olgreb's Toxic Ra |       |     4 |    24 |    19 ||    47
         Stone Arrow       |       |       |    42 |    28 ||    70
         Mephitic Cloud    |       |       |     2 |     1 ||     3
    Use: Scroll            |     7 |     4 |     4 |     2 ||    17
         Potion            |       |       |     1 |     1 ||     2
 Armour: Robe              |     5 |     6 |    24 |    15 ||    50
         Skin              |       |       |       |     7 ||     7
  Dodge: Dodged            |    18 |    23 |   116 |    84 ||   241

Table legend: (Time is in decaauts)
 A = Elapsed time spent in this place.
 B = Non-inter-level travel time spent in this place.
 C = Inter-level travel time spent in this place.
 D = Time resting spent in this place.
 E = Time spent auto-exploring this place.
 F = Levels seen in this place.
 G = Mean time per level.
                   A        B        C        D        E       F      G
               +--------+--------+--------+--------+--------+-----+--------+
         Total |   8289 |   7964 |    325 |    332 |   6399 |  10 |  828.9 |
       Dungeon |   8266 |   7945 |    321 |    332 |   6398 |   9 |  918.4 |
        Temple |     23 |     19 |      4 |      0 |      0 |   1 |   23.0 |
               +--------+--------+--------+--------+--------+-----+--------+

Top non-repeatable levels by time:
     D:6: 1470 daAuts
     D:9: 1197 daAuts
     D:5: 1053 daAuts
     D:3: 961 daAuts
     D:1: 948 daAuts
     D:8: 894 daAuts
     D:2: 666 daAuts
     D:4: 545 daAuts
     D:7: 528 daAuts
  Temple: 23 daAuts
